PL
BOSTON PATRIOTS @ ATLANTA SMOKE
09/02/2020
 
TOP OF THE 1ST
Boston Patriots batting - Pitching for Atlanta Smoke : RHP Christian Pitts
Pitching: RHP Christian Pitts
Batting: LHB Roberto Rodríguez 0-0: Ball
1-0: Ball
2-0: Called Strike
2-1: Ball
3-1: Called Strike
3-2: Foul Ball, location: 2F
3-2: Strikes out looking
Batting: LHB Bill Chambers 0-0: Fly out, F8 (Flyball, 8LS)
Batting: LHB Chad Armstrong 0-0: Ball
1-0: Foul Ball, location: 2F
1-1: Ball
2-1: Ball
3-1: Foul Ball, location: 2F
3-2: Base on Balls
Batting: RHB Manuel Villarreal 0-0: Foul Ball, location: 2F
0-1: Foul Ball, location: 2F
0-2: Strikes out looking
Top of the 1st over - 0 run(s), 0 hit(s), 0 error(s), 1 left on base; Boston 0 - Atlanta 0
BOTTOM OF THE 1ST
Atlanta Smoke batting - Pitching for Boston Patriots : RHP Sozen Raikatuji
Pitching: RHP Sozen Raikatuji
Batting: LHB Albert Morán 0-0: Ball
1-0: Called Strike
1-1: Ball
2-1: Swinging Strike
2-2: Strikes out swinging
Batting: LHB Mike Blue 0-0: Ground out 6-3 (Groundball, 6)
Batting: RHB Cale Sutton 0-0: Called Strike
0-1: Foul Ball, location: 2F
0-2: Strikes out swinging
Bottom of the 1st over - 0 run(s), 0 hit(s), 0 error(s), 0 left on base; Boston 0 - Atlanta 0
TOP OF THE 2ND
Boston Patriots batting - Pitching for Atlanta Smoke : RHP Christian Pitts
Batting: RHB Tommy Jones 0-0: Fly out, F9 (Flyball, 9S)
Batting: RHB John MacGregor 0-0: Ball
1-0: Ball
2-0: Swinging Strike
2-1: Ground out 1-3 (Groundball, 15S)
Batting: RHB Gil Jenkins 0-0: Foul Ball, location: 2F
0-1: Ball
1-1: Foul Ball, location: 2F
1-2: Foul Ball, location: 2F
1-2: Foul Ball, location: 2F
1-2: Ball
2-2: Strikes out swinging
Top of the 2nd over - 0 run(s), 0 hit(s), 0 error(s), 0 left on base; Boston 0 - Atlanta 0
BOTTOM OF THE 2ND
Atlanta Smoke batting - Pitching for Boston Patriots : RHP Sozen Raikatuji
Batting: RHB Bob Campbell 0-0: Ball
1-0: Swinging Strike
1-1: Reached on error, E3 (Groundball, 3L)
Batting: RHB Nathan Horton 0-0: Swinging Strike
0-1: Fly out, F7 (Line Drive, 7M)
Batting: RHB Ernesto Fernández 0-0: Grounds into double play, 3-6-1 (Groundball, 3)
Bottom of the 2nd over - 0 run(s), 0 hit(s), 1 error(s), 0 left on base; Boston 0 - Atlanta 0
TOP OF THE 3RD
Boston Patriots batting - Pitching for Atlanta Smoke : RHP Christian Pitts
Batting: RHB Sozen Raikatuji 0-0: Foul Ball, location: 2F
0-1: Foul Ball, location: 2F
0-2: Ball
1-2: Foul Ball, location: 2F
1-2: Fly out, F5 (Popup, 5SF)
Batting: RHB Wilfred McLaughlin 0-0: Called Strike
0-1: Ball
1-1: Ball
2-1: Ball
3-1: Foul Ball, location: 2F
3-2: Base on Balls
Batting: LHB Roberto Rodríguez 0-0: Ball
1-0: Ball
2-0: Called Strike
2-1: SINGLE (Groundball, 34S)
Wilfred McLaughlin to second
Runner from 2nd tries for 3rd, OUT!
Roberto Rodríguez to second
Batting: LHB Bill Chambers 0-0: Called Strike
0-1: Ball
1-1: Fly out, F6 (Popup, 6MS)
Top of the 3rd over - 0 run(s), 1 hit(s), 0 error(s), 1 left on base; Boston 0 - Atlanta 0
BOTTOM OF THE 3RD
Atlanta Smoke batting - Pitching for Boston Patriots : RHP Sozen Raikatuji
Batting: RHB Joe Runyon 0-0: Called Strike
0-1: Ball
1-1: Swinging Strike
1-2: Strikes out looking
Batting: LHB Bernardo Elías 0-0: Called Strike
0-1: Swinging Strike
0-2: Ball
1-2: Ball
2-2: Ball
3-2: Strikes out swinging
Batting: SHB Christian Pitts 0-0: Called Strike
0-1: Ball
1-1: Ball
2-1: Foul Ball, location: 2F
2-2: Strikes out looking
Bottom of the 3rd over - 0 run(s), 0 hit(s), 0 error(s), 0 left on base; Boston 0 - Atlanta 0
TOP OF THE 4TH
Boston Patriots batting - Pitching for Atlanta Smoke : RHP Christian Pitts
Batting: LHB Chad Armstrong 0-0: Called Strike
0-1: Fly out, F6 (Popup, 6D)
Batting: RHB Manuel Villarreal 0-0: Ball
1-0: SOLO HOME RUN (Flyball, 7LD), Distance : 379 ft
Batting: RHB Tommy Jones 0-0: Called Strike
0-1: Ball
1-1: Ground out 6-3 (Groundball, 6)
Batting: RHB John MacGregor 0-0: Called Strike
0-1: Ball
1-1: Called Strike
1-2: Ball
2-2: Fly out, F9 (Flyball, 9D)
Top of the 4th over - 1 run(s), 1 hit(s), 0 error(s), 0 left on base; Boston 1 - Atlanta 0
BOTTOM OF THE 4TH
Atlanta Smoke batting - Pitching for Boston Patriots : RHP Sozen Raikatuji
Batting: LHB Albert Morán 0-0: Foul Ball, location: 2F
0-1: Ground out 1-3 (Groundball, 15S)
Batting: LHB Mike Blue 0-0: Ball
1-0: Ball
2-0: Swinging Strike
2-1: SINGLE (Groundball, 34D)
Batting: RHB Cale Sutton 0-0: Called Strike
Mike Blue is caught stealing 2nd base
0-1: Called Strike
0-2: DOUBLE (Flyball, 9LM)
Batting: RHB Bob Campbell 0-0: Called Strike
0-1: Ground out 4-3 (Groundball, 4MD)
Bottom of the 4th over - 0 run(s), 2 hit(s), 0 error(s), 1 left on base; Boston 1 - Atlanta 0
TOP OF THE 5TH
Boston Patriots batting - Pitching for Atlanta Smoke : RHP Christian Pitts
Batting: RHB Gil Jenkins 0-0: Called Strike
0-1: Ball
1-1: Ball
2-1: Foul Ball, location: 2F
2-2: Foul Ball, location: 2F
2-2: SINGLE (Flyball, 9LS)
Batting: RHB Sozen Raikatuji 0-0: Sac Bunt - play at first, batter OUT! 3-4
Gil Jenkins to second
Batting: RHB Wilfred McLaughlin 0-0: Intentional Walk
Batting: LHB Roberto Rodríguez 0-0: Ball
1-0: SINGLE (Groundball, 6MD)
Gil Jenkins to third
Wilfred McLaughlin to second
Runner from 3rd tries for Home, SAFE, throw made home
Wilfred McLaughlin to third
Roberto Rodríguez to second
Pitching: RHP Andrés Martínez
Batting: LHB Bill Chambers 0-0: Called Strike
0-1: Ball
1-1: Foul Ball, location: 2F
1-2: Foul Ball, location: 2F
1-2: Strikes out swinging
Batting: LHB Chad Armstrong 0-0: Foul Ball, location: 2F
0-1: Ball
1-1: Swinging Strike
1-2: Ball
2-2: Strikes out looking
Top of the 5th over - 1 run(s), 2 hit(s), 0 error(s), 2 left on base; Boston 2 - Atlanta 0
BOTTOM OF THE 5TH
Atlanta Smoke batting - Pitching for Boston Patriots : RHP Sozen Raikatuji
Batting: RHB Nathan Horton 0-0: DOUBLE (Line Drive, 89D)
Batting: RHB Ernesto Fernández 0-0: Called Strike
0-1: Ball
1-1: Called Strike
1-2: Strikes out swinging
Batting: RHB Joe Runyon 0-0: Called Strike
0-1: Swinging Strike
0-2: Ball
1-2: Strikes out swinging
Batting: LHB Bernardo Elías 0-0: Swinging Strike
0-1: DOUBLE (Line Drive, 3L)
Nathan Horton scores
Batting: RHB Andrés Martínez 0-0: Ball
1-0: Foul Ball, location: 2F
1-1: Ball
2-1: Foul Ball, location: 2F
2-2: Foul Ball, location: 2F
2-2: Strikes out looking
Bottom of the 5th over - 1 run(s), 2 hit(s), 0 error(s), 1 left on base; Boston 2 - Atlanta 1
TOP OF THE 6TH
Boston Patriots batting - Pitching for Atlanta Smoke : RHP Andrés Martínez
Batting: RHB Manuel Villarreal 0-0: Ball
1-0: Foul Ball, location: 2F
1-1: Foul Ball, location: 2F
1-2: Foul Ball, location: 2F
1-2: Foul Ball, location: 2F
1-2: Ball
2-2: Ball
3-2: SINGLE (Groundball, 6MD)
Batting: RHB Tommy Jones 0-0: Ball
1-0: Ball
2-0: Foul Ball, location: 2F
2-1: Fly out, F7 (Flyball, 78XD)
Batting: RHB John MacGregor 0-0: SINGLE (Line Drive, 3D)
Manuel Villarreal to second
Batting: RHB Gil Jenkins 0-0: Ball
1-0: Swinging Strike
1-1: SINGLE (Flyball, 8RS)
Manuel Villarreal to third
John MacGregor to second
Runner from 3rd tries for Home, SAFE, throw made home
Batting: RHB Sozen Raikatuji 0-0: Bunted foul
0-1: Sac Bunt - play at first, batter OUT! 2-4
John MacGregor to third
Gil Jenkins to second
Batting: RHB Wilfred McLaughlin 0-0: Ball
1-0: Called Strike
1-1: Ball
2-1: Ground out 4-3 (Groundball, 4M)
Top of the 6th over - 1 run(s), 3 hit(s), 0 error(s), 2 left on base; Boston 3 - Atlanta 1
BOTTOM OF THE 6TH
Atlanta Smoke batting - Pitching for Boston Patriots : RHP Sozen Raikatuji
Batting: LHB Albert Morán 0-0: Ball
1-0: Ground out U3 (Groundball, 3S)
Batting: LHB Mike Blue 0-0: Ball
1-0: Ball
2-0: Foul Ball, location: 2F
2-1: Fly out, F9 (Flyball, 89M)
Batting: RHB Cale Sutton 0-0: Ball
1-0: Fly out, F9 (Flyball, 9M)
Bottom of the 6th over - 0 run(s), 0 hit(s), 0 error(s), 0 left on base; Boston 3 - Atlanta 1
TOP OF THE 7TH
Boston Patriots batting - Pitching for Atlanta Smoke : RHP Andrés Martínez
Batting: LHB Roberto Rodríguez 0-0: Ball
1-0: Called Strike
1-1: Ball
2-1: Foul Ball, location: 2F
2-2: Foul Ball, location: 2F
2-2: Foul Ball, location: 2F
2-2: Ball
3-2: Ground out U3 (Groundball, 3)
Batting: LHB Bill Chambers 0-0: Called Strike
0-1: Ball
1-1: Ball
2-1: DOUBLE (Line Drive, 78S)
Batting: LHB Chad Armstrong 0-0: Ball
1-0: Ball
2-0: Called Strike
2-1: Foul Ball, location: 2F
2-2: Ball
3-2: DOUBLE (Flyball, 7LD)
Bill Chambers scores
Batting: RHB Manuel Villarreal 0-0: Swinging Strike
0-1: Ball
1-1: Foul Ball, location: 2F
1-2: Foul Ball, location: 2F
1-2: Ball
2-2: Foul Ball, location: 2F
2-2: Ball
3-2: Foul Ball, location: 2F
3-2: DOUBLE (Groundball, 5L)
Chad Armstrong scores
Batting: RHB Tommy Jones 0-0: Intentional Walk
Batting: RHB John MacGregor 0-0: SINGLE (Groundball, 34D)
Manuel Villarreal to third
Tommy Jones to second
Runner from 3rd tries for Home, SAFE, no throw or cutoff
Pitching: LHP José Flores
Batting: RHB Gil Jenkins 0-0: Called Strike
0-1: Ball
1-1: Foul Ball, location: 2F
1-2: Strikes out swinging
Batting: RHB Sozen Raikatuji 0-0: Ball
1-0: Called Strike
1-1: Foul Ball, location: 2F
1-2: Ball
2-2: Strikes out looking
Top of the 7th over - 3 run(s), 4 hit(s), 0 error(s), 2 left on base; Boston 6 - Atlanta 1
BOTTOM OF THE 7TH
Atlanta Smoke batting - Pitching for Boston Patriots : RHP Sozen Raikatuji
Batting: RHB Bob Campbell 0-0: Ball
1-0: Swinging Strike
1-1: Foul Ball, location: 2F
1-2: Strikes out looking
Batting: RHB Nathan Horton 0-0: Swinging Strike
0-1: Ground out 4-3 (Groundball, 4M)
Batting: RHB Ernesto Fernández 0-0: Swinging Strike
0-1: Called Strike
0-2: Ball
1-2: Ball
2-2: Foul Ball, location: 2F
2-2: Foul Ball, location: 2F
2-2: Foul Ball, location: 2F
2-2: Ball
3-2: Foul Ball, location: 2F
3-2: Strikes out swinging
Bottom of the 7th over - 0 run(s), 0 hit(s), 0 error(s), 0 left on base; Boston 6 - Atlanta 1
TOP OF THE 8TH
Boston Patriots batting - Pitching for Atlanta Smoke : LHP José Flores
Batting: RHB Wilfred McLaughlin 0-0: Ball
1-0: Called Strike
1-1: Ball
2-1: Ball
3-1: Base on Balls
Batting: LHB Roberto Rodríguez 0-0: Grounds into double play, 6-4-3 (Groundball, 6)
Batting: LHB Bill Chambers 0-0: Ground out 5-3 (Groundball, 5)
Top of the 8th over - 0 run(s), 0 hit(s), 0 error(s), 0 left on base; Boston 6 - Atlanta 1
BOTTOM OF THE 8TH
Atlanta Smoke batting - Pitching for Boston Patriots : RHP Sozen Raikatuji
Batting: RHB Joe Runyon 0-0: Ball
1-0: Ground out 5-3 (Groundball, 56)
Batting: LHB Bernardo Elías 0-0: SINGLE (Groundball, 34D) (infield hit)
Pinch Hitting: RHB Mike Burns 0-0: Ball
1-0: Swinging Strike
1-1: Called Strike
1-2: Foul Ball, location: 2F
1-2: Strikes out swinging
Batting: LHB Albert Morán 0-0: Ball
1-0: Ball
2-0: Called Strike
2-1: Ground out 1-3 (Groundball, 13S)
Bottom of the 8th over - 0 run(s), 1 hit(s), 0 error(s), 1 left on base; Boston 6 - Atlanta 1
TOP OF THE 9TH
Boston Patriots batting - Pitching for Atlanta Smoke : LHP José Flores
Pitching: LHP Roberto Aguirre
Batting: LHB Chad Armstrong 0-0: Foul Ball, location: 2F
0-1: Foul Ball, location: 2F
0-2: Foul Ball, location: 2F
0-2: Ball
1-2: Ball
2-2: Foul Ball, location: 2F
2-2: Ball
3-2: Foul Ball, location: 2F
3-2: Fly out, F8 (Flyball, 78M)
Batting: RHB Manuel Villarreal 0-0: Ball
1-0: Called Strike
1-1: Ball
2-1: Foul Ball, location: 2F
2-2: Ball
3-2: Foul Ball, location: 2F
3-2: Foul Ball, location: 2F
3-2: SINGLE (Flyball, 7S)
Batting: RHB Tommy Jones 0-0: Ball
1-0: Fly out, F8 (Line Drive, 8LD)
Batting: RHB John MacGregor 0-0: Ball
1-0: Fielders Choice at 2nd, U6 (Groundball, 6M)
Top of the 9th over - 0 run(s), 1 hit(s), 0 error(s), 1 left on base; Boston 6 - Atlanta 1
BOTTOM OF THE 9TH
Atlanta Smoke batting - Pitching for Boston Patriots : RHP Sozen Raikatuji
Batting: LHB Mike Blue 0-0: Ball
1-0: Called Strike
1-1: Called Strike
1-2: Ball
2-2: Ground out 6-3 (Groundball, 6M)
Batting: RHB Cale Sutton 0-0: Ball
1-0: Ball
2-0: Called Strike
2-1: Fly out, F8 (Flyball, 8RXD)
Batting: RHB Bob Campbell 0-0: Swinging Strike
0-1: Called Strike
0-2: Foul Ball, location: 2F
0-2: Ball
1-2: Ball
2-2: Foul Ball, location: 2F
2-2: Strikes out looking
Bottom of the 9th over - 0 run(s), 0 hit(s), 0 error(s), 0 left on base; Boston 6 - Atlanta 1
This league is powered by Out of the Park Baseball, the baseball management simulation game for PC, Mac and Linux
Friday, October 23rd, 2015 - OOTP Baseball 16.9 Build 39